Map: Purity and Industry LE

Players

antagomiR

  • Race: Protoss Protoss
  • League: Silver
  • Spawn Location: 12:00

Shadowf - Winner!

  • Race: Terran Terran
  • League: Gold
  • Spawn Location: 3:00

VOD

Have the link to the VOD?

Description

Time

  • Played on: March 30, 2020, 11:35 p.m.
  • Length: 5:50
Show
View Real Time Build Order
Export as new Build Order

antagomiR Protoss 

Build Orders:  

Get SALT Encoding   

  12  0:02  Probe  
  13  0:14  Probe  
  13  0:20  Pylon  
  14  0:26  Probe  
  15  0:38  Probe  
  15  0:40  Gateway  
  16  0:50  Probe  
  16  0:54  Assimilator  
  17  1:03  Probe  
  18  1:11  Assimilator  
  18  1:15  Probe  
  19  1:34  Cybernetics Core  
  19  1:39  Probe (Chrono Boost)  
  20  1:47  Pylon  
  20  1:48  Probe (Chrono Boost)  
  20  1:53  Probe (Chrono Boost)  
  22  2:09  Warp Gate (Chrono Boost)  
  22  2:11  Probe  
  23  2:24  Probe, Robotics Facility  
  24  2:34  Nexus  
  24  2:36  Pylon  
  24  2:46  Stalker  
  26  2:55  Probe  
  27  2:59  Shield Battery  
  27  3:07  Probe  
  28  3:14  Observer  
  28  3:17  Sentry  
  28  3:19  Probe  
  32  3:31  Probe  
  32  3:32  Gateway x2  
  33  3:43  Probe  
  33  3:47  Probe  
  36  3:55  Probe  
  36  3:59  Probe  
  36  4:00  Stalker  
  39  4:07  Probe  
  40  4:10  Pylon  
  40  4:12  Probe  
  41  4:19  Probe  
  41  4:20  Twilight Council  
  41  4:24  Probe  
  43  4:25  Forge  
  43  4:32  Probe  
  43  4:36  Probe  
  45  4:44  Probe  
  46  4:48  Probe  
  47  4:55  Assimilator  
  47  4:57  Assimilator  
  47  4:58  Sentry  
  47  4:59  Zealot  
  49  5:03  Probe x2  
  34  5:31  Zealot x2  
Show
View Real Time Build Order
Export as new Build Order

Shadowf Terran - Winner!

Build Orders:  

Get SALT Encoding   

  12  0:04  SCV  
  13  0:14  Supply Depot  
  13  0:18  SCV  
  14  0:30  SCV  
  15  0:38  Barracks  
  15  0:42  SCV  
  16  0:49  Refinery  
  16  0:56  SCV  
  17  1:08  SCV  
  18  1:16  Supply Depot  
  18  1:20  SCV  
  19  1:26  Marine  
  19  1:31  Refinery  
  20  1:34  SCV  
  21  1:44  Marine  
  22  1:57  SCV  
  23  2:04  Marine  
  24  2:09  SCV  
  24  2:13  Factory  
  25  2:16  Supply Depot  
  25  2:20  Supply Depot  
  25  2:21  SCV  
  26  2:28  Marine  
  27  2:46  Barracks Tech Lab  
  27  2:56  Factory Tech Lab  
  27  2:59  Starport  
  27  3:02  Orbital Command  
  27  3:04  Marine  
  28  3:06  Stimpack  
  28  3:21  Siege Tank  
  28  3:24  Marine  
  32  3:39  Supply Depot  
  32  3:41  Medivac  
  34  3:42  Marine  
  35  3:59  Marine  
  35  4:01  Supply Depot  
  36  4:15  Siege Tank  
  39  4:17  Marine  
  40  4:26  Barracks  
  40  4:27  Medivac  
  41  5:04  Siege Tank  
  41  5:05  Medivac  
  46  5:17  Engineering Bay  
Tags
 
Add a new tag
Caveats
  • Supply blocks, unpowered buildings, or Contaminate may cause inaccurate times.
  • Supply counts are checked every 10 seconds.